 Dungeon Crawl Stone Soup version 0.21.1-1-g345015f (webtiles) character file.

56797 Mirai the Severer (level 14, -5/129 HPs)
             Began as a Minotaur Fighter on Mar 20, 2018.
             Was the Champion of Okawaru.
             Slain by an orc warrior
             ... wielding a +0 battleaxe
              (26 damage)
             ... on level 2 of the Orcish Mines.
             The game lasted 00:45:58 (16186 turns).

Mirai the Severer (Minotaur Fighter)               Turns: 16186, Time: 00:45:59

Health: -5/129     AC: 33    Str: 28    XL:     14   Next: 43%
Magic:  17/17      EV: 13    Int:  8    God:    Okawaru [******]
Gold:   1777       SH:  0    Dex: 11    Spells: 13/13 levels left

rFire    . . .     SeeInvis .   a - +11 executioner's axe "Xaeheq" {elec, rElec rN+ Str+4}
rCold    + + .     Gourm    .   (shield currently unavailable)
rNeg     + . .     Faith    .   g - +7 plate armour of Waly {rC++ MR- rCorr Str-4}
rPois    +         Spirit   .   Y - +4 hat of Hodi {MR+ Str+3 Dex-2}
rElec    +         Reflect  .   l - +0 cloak {rPois}
rCorr    +         Harm     .   J - +1 pair of gloves
MR       +....                  k - +2 pair of boots
Stlth    ..........             X - amulet of regeneration
HPRegen  0.71/turn              D - ring of protection from fire
MPRegen  0.15/turn              F - ring "Etanoas" {+Inv rPois rF- Int+3 Dex+2}

@: no status effects
A: retaliatory headbutt, horns 2
a: Heroism, Finesse, Renounce Religion, Evoke Invisibility


You were on level 2 of the Orcish Mines.
You worshipped Okawaru.
Okawaru was exalted by your worship.
You were not hungry.

You visited 4 branches of the dungeon, and saw 19 of its levels.
You also visited: Sewer and Ice Cave.

You collected 1777 gold pieces.

Inventory:

Hand Weapons
 a - the +11 executioner's axe "Xaeheq" (weapon) {elec, rElec rN+ Str+4}
   (You acquired it on level 4 of the Lair of Beasts)

   Occasionally, upon striking a foe, it will discharge some electrical energy
   and cause terrible harm.
   It affects your strength (+4).
   It insulates you from electricity.
   It protects you from negative energy.
 b - the +3 great mace of Change {crush, rN+}
   (Okawaru gifted it to you on level 6 of the Lair of Beasts)

   It inflicts extra damage upon your enemies.
   It protects you from negative energy.
Missiles
 S - 5 javelins of returning (quivered)
Armour
 g - the +7 plate armour of Waly (worn) {rC++ MR- rCorr Str-4}
   (You found it on level 1 of the Lair of Beasts)

   It affects your strength (-4).
   It greatly protects you from cold.
   It affects your resistance to hostile enchantments.
   It protects you from acid and corrosion.
 k - a +2 pair of boots (worn)
 l - a +0 cloak of poison resistance (worn)
 C - the +3 scale mail "Koluklue" {+Blink rPois Regen+ Stlth-}
   (You found it on level 6 of the Lair of Beasts)

   It protects you from poison.
   It lets you blink.
   It increases your rate of regeneration.
   It makes you less stealthy.
 J - a +1 pair of gloves (worn)
 Y - the +4 hat of Hodi (worn) {MR+ Str+3 Dex-2}
   (Okawaru gifted it to you in an ice cave)

   It affects your strength (+3).
   It affects your dexterity (-2).
   It affects your resistance to hostile enchantments.
Jewellery
 p - an uncursed ring of flight
 D - a ring of protection from fire (left hand)
 F - the ring "Etanoas" (right hand) {+Inv rPois rF- Int+3 Dex+2}
   (You found it on level 4 of the Dungeon)

   [ring of intelligence]

   It affects your intelligence (+3).
   It affects your dexterity (+2).
   It makes you vulnerable to fire.
   It protects you from poison.
   It lets you turn invisible.
 N - a +3 ring of protection
 Q - an uncursed ring of resist corrosion
 R - an uncursed ring of wizardry
 T - a +5 ring of dexterity
 X - an amulet of regeneration (around neck)
 Z - an uncursed ring of protection from cold
Wands
 j - a wand of clouds (4)
 w - a wand of acid (3)
 x - a wand of digging (33)
 E - a wand of iceblast (19)
 I - a wand of scattershot (6)
 K - a wand of flame (20)
 L - a wand of disintegration (38)
 P - a wand of paralysis (15)
Scrolls
 e - 2 scrolls of identify
 n - 8 scrolls of fog
 t - 4 scrolls of fear
 y - 5 scrolls of remove curse
 G - 5 scrolls of teleportation
 O - 2 scrolls of blinking
Potions
 d - 3 potions of might
 h - 3 potions of brilliance
 m - 4 potions of agility {unknown}
 r - 10 potions of curing
 s - 4 potions of flight {unknown}
 u - 7 potions of heal wounds {unknown}
 v - 5 potions of haste {unknown}
 z - 3 potions of degeneration {unknown}
 A - a potion of resistance {unknown}
 B - 2 potions of mutation {unknown}
Books
 i - a book of Flames

   Spells                             Type                      Level
   a - Flame Tongue                   Conjuration/Fire             1
   b - Throw Flame                    Conjuration/Fire             2
   c - Conjure Flame                  Conjuration/Fire             3
   d - Inner Flame                    Hexes/Fire                   3
   e - Sticky Flame                   Conjuration/Fire             4
   f - Fireball                       Conjuration/Fire             5
 o - a book of Air

   Spells                             Type                      Level
   a - Shock                          Conjuration/Air              1
   b - Swiftness                      Charms/Air                   2
   c - Static Discharge               Conjuration/Air              3
   d - Airstrike                      Air                          4
   e - Lightning Bolt                 Conjuration/Air              5
 W - a book of Changes

   Spells                             Type                      Level
   a - Beastly Appendage              Transmutation                1
   b - Sticks to Snakes               Transmutation                2
   c - Spider Form                    Transmutation/Poison         3
   d - Ice Form                       Ice/Transmutation            4
   e - Blade Hands                    Transmutation                5
Miscellaneous
 M - a phial of floods
 U - a phantom mirror
Comestibles
 c - 11 chunks of flesh
 f - 35 rations


   Skills:
 * Level 13.2 Fighting
 + Level 18.8 Axes
 + Level 11.7 Armour
 * Level 12.5 Dodging
   Level 3.7 Shields
 + Level 5.5 Invocations


You had 13 spell levels left.
You didn't know any spells.

Dungeon Overview and Level Annotations

Branches:
Dungeon (11/15)            Temple (1/1) D:5            Lair (6/6) D:10
 Shoals (0/4) Lair:4        Snake (0/4) Lair:4        Slime (0/5) Lair:6
    Orc (2/2) D:9             Elf (0/3) Orc:2

Altars:
Ashenzari
Cheibriados
Dithmenos
Elyvilon
Fedhas
Gozag
Hepliaklqana
Kikubaaqudgha
Makhleb
Nemelex Xobeh
Okawaru
Qazlal
Ru
Sif Muna
Trog
Uskayaw
Vehumet
Wu Jian
Xom
Yredelemnul
Zin
The Shining One
Beogh
Jiyva

Annotations:
Lair:3 exclusion: 4 oklob plants


Innate Abilities, Weirdness & Mutations

You reflexively headbutt those who attack you in melee.
You have a pair of horns on your head.


Message History

The orc warrior shoots a bolt.
The bolt hits you!
* * * LOW HITPOINT WARNING * * *
The orc knight shoots a bolt.
The bolt hits you but does no damage.
You see here 2 bolts.
The orc warrior no longer looks unusually strong.
The orc warrior shoots a bolt.
The bolt hits you but does no damage.
You see here a bolt.
Unknown command.
The centaur shoots an arrow.
The arrow misses you.
You slice the orc warrior!!
Lightning courses through the orc warrior!
You kill the orc warrior!
Okawaru accepts your kill.
You miss the orc warrior.
The orc knight roars a battlecry!
The orc warrior goes into a battle-frenzy!
The centaur shoots an arrow.
The arrow hits you!
* * * LOW HITPOINT WARNING * * *
The orc warrior hits you with a battleaxe!!
You die...

.....c.o)o)#
........#))#
.......##)o#
..##..##o).#
.......o.(##
......coo##
#####.#o##
##..(o(#
#...(@##
#......#
#.........#
##......###
.........
.........
.........
.....###..


You could see 2 orc knights, 3 orc warriors, a centaur and an orc.

Vanquished Creatures
  Gastronok (Lair:3)
  The ghost of aMcNicky the Fighter, a journeyman OgWr of Nemelex Xobeh (Orc:1)
  Snorg (D:11)
  3 hydras
  A centaur warrior (Orc:2)
  2 two-headed ogres (D:9)
  3 death yaks (Lair:6)
  Urug (Lair:5)
  The ghost of toffzen the Insei, a novice GnWn of Makhleb (D:6)
  2 orc knights (Orc:2)
  An orc sorcerer (Orc:2)
  2 wolf spiders (Lair:6)
  A cyclops (D:11)
  2 ugly things (IceCv)
  4 elephants (Lair:4)
  13 black mambas
  Joseph (Lair:1)
  2 ice statues (IceCv)
  A centaur zombie (D:11)
  A guardian serpent (Lair:6)
  10 spiny frogs
  7 komodo dragons
  4 trolls
  2 merfolk
  11 polar bears
  3 hornets (Lair:6)
  A raiju (Lair:6)
  15 blink frogs
  6 dream sheep (Lair:6)
  6 redbacks
  7 wyverns
  31 yaks
  Eustachio (D:5)
  2 basilisks (Lair:4)
  Menkaure (D:5)
  7 wargs
  Edmund (D:6)
  14 hell hounds (Lair:6)
  3 nagas (Lair:4)
  25 water moccasins
  6 porcupines
  2 sky beasts
  9 ice beasts
  18 orc warriors
  13 black bears
  2 phantoms
  8 ogres
  22 wolves
  7 centaurs
  10 crocodiles
  A big kobold (D:11)
  14 bullfrogs
  2 scorpions
  5 wights (D:11)
  An electric eel (Lair:4)
  2 howler monkeys
  A crimson imp (D:9)
  2 hounds
  2 jellies
  A centaur skeleton (D:10)
  6 orc priests
  15 orc wizards
  A bullfrog skeleton (D:9)
  Jessica (D:3)
  Terence (D:3)
  7 worker ants
  2 worker ant zombies
  2 gnolls
  2 howler monkey skeletons
  21 adders
  6 river rats (Sewer)
  12 white imps
  An ooze (D:5)
  An adder zombie (D:5)
  4 adder skeletons
  A worm (D:5)
  2 dart slugs
  3 leopard geckos
  45 orcs
  9 ball pythons (Sewer)
  3 giant cockroaches
  7 goblins
  4 hobgoblins
  8 jackals
  9 kobolds
  6 quokkas
  6 bats
  7 frilled lizards
  26 rats
  4 fungi
  7 plants (Lair:6)
558 creatures vanquished.

Vanquished Creatures (others)
  A goblin (D:1)
  9 fungi
  15 plants
25 creatures vanquished.

Grand Total: 583 creatures vanquished

Notes
Turn   | Place    | Note
-------+----------+-------------------------------------------
     0 | D:1      | Mirai the Minotaur Fighter began the quest for the Orb.
     0 | D:1      | Reached XP level 1. HP: 19/19 MP: 0/0
   147 | D:1      | Reached XP level 2. HP: 17/27 MP: 1/1
   262 | D:1      | Reached skill level 1 in Dodging
   339 | D:1      | Reached XP level 3. HP: 33/33 MP: 2/2
  1153 | D:2      | Reached skill level 3 in Axes
  1626 | D:3      | Found a faded altar of an unknown god.
  1699 | D:3      | Noticed Jessica
  1703 | D:3      | Killed Jessica
  1703 | D:3      | Reached XP level 4. HP: 41/41 MP: 3/3
  1931 | D:3      | Noticed Terence
  1945 | D:3      | Killed Terence
  2061 | D:3      | Reached skill level 4 in Axes
  2108 | D:3      | Reached XP level 5. HP: 47/47 MP: 4/4
  2290 | D:4      | Noticed an ogre
  2302 | D:4      | Killed an ogre
  2302 | D:4      | Reached skill level 5 in Armour
  2357 | D:4      | Noticed a phantom
  2370 | D:4      | Noticed an ogre
  2376 | D:4      | Killed an ogre
  2376 | D:4      | Reached skill level 5 in Axes
  2376 | D:4      | Reached XP level 6. HP: 22/53 MP: 5/5
  2543 | D:4      | Found an ancient bone altar of Kikubaaqudgha.
  2545 | D:4      | Got a fine golden ring
  2632 | D:4      | Reached XP level 7. HP: 60/60 MP: 6/6
  2633 | D:4      | Identified the ring "Etanoas" {+Inv rPois rF- Int+3 Dex+2} (You found it on level 4 of the Dungeon)
  2856 | D:5      | Entered Level 5 of the Dungeon
  2856 | D:5      | Noticed Eustachio
  2867 | D:5      | Killed Eustachio
  2867 | D:5      | Reached skill level 5 in Fighting
  2867 | D:5      | Reached skill level 6 in Axes
  3094 | D:5      | Found a shattered altar of Ashenzari.
  3162 | D:5      | Reached skill level 7 in Axes
  3227 | D:5      | Found a staircase to the Ecumenical Temple.
  3236 | Temple   | Entered the Ecumenical Temple
  3451 | D:5      | Noticed Menkaure
  3458 | D:5      | Killed Menkaure
  3458 | D:5      | Reached XP level 8. HP: 51/69 MP: 7/7
  3593 | D:5      | Found a bloodstained altar of Trog.
  3680 | D:5      | Found an iron altar of Okawaru.
  3702 | D:5      | Became a worshipper of Warmaster Okawaru
  4057 | D:6      | Reached skill level 8 in Axes
  4079 | D:6      | Found a glowing drain.
  4120 | Sewer    | Entered a sewer
  4139 | Sewer    | Reached skill level 5 in Dodging
  4375 | Sewer    | Reached * piety under Okawaru
  4375 | Sewer    | Reached skill level 9 in Axes
  4593 | D:6      | Noticed toffzen's ghost (novice GnWn)
  4608 | D:6      | Killed toffzen's ghost
  4608 | D:6      | Reached XP level 9. HP: 60/78 MP: 8/8
  4611 | D:6      | Noticed Edmund
  4633 | D:6      | Killed Edmund
  4686 | D:6      | Reached skill level 10 in Axes
  4883 | D:6      | Found a sparkling altar of Nemelex Xobeh.
  5079 | D:7      | Reached skill level 1 in Invocations
  5139 | D:7      | You fall through a shaft for 2 floors!
  5148 | D:9      | Reached ** piety under Okawaru
  5232 | D:9      | Noticed a two-headed ogre
  5245 | D:9      | Killed a two-headed ogre
  5245 | D:9      | Reached skill level 11 in Axes
  5524 | D:9      | Noticed a two-headed ogre
  5534 | D:9      | Killed a two-headed ogre
  5534 | D:9      | Reached *** piety under Okawaru
  5534 | D:9      | Reached **** piety under Okawaru
  5534 | D:9      | Reached XP level 10. HP: 60/86 MP: 11/11
  5625 | D:9      | Reached skill level 12 in Axes
  6018 | D:9      | Found a staircase to the Orcish Mines.
  6251 | D:9      | Reached ***** piety under Okawaru
  6329 | D:10     | Entered Level 10 of the Dungeon
  6343 | D:10     | Received a gift from Okawaru
  6604 | D:10     | Found a staircase to the Lair.
  7209 | D:11     | Found a snail-covered altar of Cheibriados.
  7451 | D:11     | Reached skill level 13 in Axes
  7476 | D:11     | Reached XP level 11. HP: 78/95 MP: 13/13
  7539 | D:11     | Noticed Snorg
  7549 | D:11     | Killed Snorg
  7549 | D:11     | Received a gift from Okawaru
  7549 | D:11     | Reached skill level 5 in Invocations
  7550 | D:11     | Got a slimy hand axe {god gift}
  7782 | D:11     | Identified the +1 hand axe "Guclyush" {drain, *Rage rN+ Str+8} (Okawaru gifted it to you on level 11 of the Dungeon)
  8233 | Lair:1   | Entered Level 1 of the Lair of Beasts
  8314 | Lair:1   | Noticed Joseph
  8317 | Lair:1   | Got a pitted plate armour
  8327 | Lair:1   | Killed Joseph
  8336 | Lair:1   | Identified the +7 plate armour of Waly {rC++ MR- rCorr Str-4} (You found it on level 1 of the Lair of Beasts)
  9387 | Lair:2   | Reached skill level 14 in Axes
  9510 | Lair:2   | Found a frozen archway.
  9541 | IceCv    | Entered an ice cave
  9541 | IceCv    | Noticed a white ugly thing
  9551 | IceCv    | Killed a white ugly thing
  9551 | IceCv    | Received a gift from Okawaru
  9557 | IceCv    | Found a transporter.
  9559 | IceCv    | Got an ichor-stained hat {god gift}
  9565 | IceCv    | Identified the +4 hat of Hodi {MR+ Str+3 Dex-2} (Okawaru gifted it to you in an ice cave)
  9827 | IceCv    | Noticed a white ugly thing
  9839 | IceCv    | Killed a white ugly thing
  9840 | IceCv    | Reached skill level 10 in Fighting
  9929 | Lair:2   | Reached XP level 12. HP: 82/106 MP: 13/15
 10035 | Lair:2   | Reached skill level 10 in Dodging
 10095 | Lair:2   | Reached skill level 15 in Axes
 10150 | Lair:2   | Noticed a six-headed hydra
 10164 | Lair:2   | Killed a six-headed hydra
 10699 | Lair:3   | Noticed a seven-headed hydra
 10708 | Lair:3   | Killed a seven-headed hydra
 10849 | Lair:3   | Noticed Gastronok
 10865 | Lair:3   | Killed Gastronok
 10865 | Lair:3   | Reached skill level 10 in Armour
 10946 | Lair:3   | Got a pitted war axe
 10958 | Lair:3   | Identified the +5 war axe of Gasupru {freeze, +Inv MR+ Str+2} (You found it on level 3 of the Lair of Beasts)
 12083 | Lair:4   | Reached skill level 16 in Axes
 12208 | Lair:4   | Reached ****** piety under Okawaru
 12292 | Lair:4   | Received a gift from Okawaru
 12336 | Lair:4   | Found a staircase to the Snake Pit.
 12476 | Lair:4   | Reached XP level 13. HP: 104/116 MP: 16/16
 12502 | Lair:4   | Found a staircase to the Shoals.
 12635 | Lair:4   | Identified a scroll of acquirement
 12636 | Lair:4   | Got a smoking executioner's axe
 12637 | Lair:4   | Identified the +11 executioner's axe "Xaeheq" {elec, rElec rN+ Str+4} (You acquired it on level 4 of the Lair of Beasts)
 13164 | Lair:5   | Noticed Urug
 13177 | Lair:5   | Killed Urug
 13518 | Lair:6   | Entered Level 6 of the Lair of Beasts
 13657 | Lair:6   | Reached skill level 17 in Axes
 13976 | Lair:6   | Got a twisted scale mail
 14095 | Lair:6   | Reached skill level 18 in Axes
 14142 | Lair:6   | Reached XP level 14. HP: 115/127 MP: 17/17
 14155 | Lair:6   | Received a gift from Okawaru
 14162 | Lair:6   | Got a jewelled great mace {god gift}
 14710 | Lair:6   | Identified the +3 great mace of Change {crush, rN+} (Okawaru gifted it to you on level 6 of the Lair of Beasts)
 14966 | Lair:6   | Found a viscous altar of Jiyva.
 14966 | Lair:6   | Found a staircase to the Slime Pits.
 15087 | Lair:6   | Identified the +3 scale mail "Koluklue" {+Blink rPois Regen+ Stlth-} (You found it on level 6 of the Lair of Beasts)
 15268 | Orc:1    | Entered Level 1 of the Orcish Mines
 15268 | Orc:1    | Noticed aMcNicky's ghost (journeyman OgWr)
 15291 | Orc:1    | Killed aMcNicky's ghost
 15470 | Orc:1    | Found a roughly hewn altar of Beogh.
 16014 | Orc:2    | Entered Level 2 of the Orcish Mines
 16031 | Orc:2    | Found a staircase to the Elven Halls.
 16155 | Orc:2    | Received a gift from Okawaru
 16186 | Orc:2    | Slain by an orc warrior

Skill      XL: |  1  2  3  4  5  6  7  8  9 10 11 12 13 14 |
---------------+-------------------------------------------+-----
Fighting       | 4 5 6 7 8 10 11 12 13 | 13.2
Armour         | 4 5 6 7 8 9 10 11 | 11.7
Dodging        | 1 2 3 4 6 7 8 9 11 12 | 12.5
Axes           | 3 4 5 7 9 11 13 14 16 18 | 18.8
Invocations    | 3 4 5 |  5.5
Shields        | |  3.7

Action                   |  1- 3 |  4- 6 |  7- 9 | 10-12 | 13-15 || total
-------------------------+-------+-------+-------+-------+-------++-------
Melee: War axe           |    62 |    64 |   251 |    20 |       ||   397
       Headbutt          |    10 |    12 |    46 |   119 |    61 ||   248
       Broad axe         |       |       |       |   441 |    13 ||   454
       Battleaxe         |       |       |       |    56 |       ||    56
       Flail             |       |       |       |    18 |       ||    18
       Executioner's axe |       |       |       |       |   337 ||   337
Invok: Heroism           |       |       |       |     2 |     1 ||     3
       Finesse           |       |       |       |     1 |     1 ||     2
Evoke: Wand              |       |       |       |       |     1 ||     1
  Use: Potion            |       |     1 |       |     2 |     3 ||     6
       Scroll            |       |       |    12 |    16 |     7 ||    35
  Eat: Chunk             |     2 |     4 |     9 |    22 |    13 ||    50
Armor: Scale mail        |    35 |     9 |       |       |       ||    44
       Chain mail        |       |    13 |    54 |       |       ||    67
       Robe              |       |       |    40 |       |       ||    40
       Plate armour      |       |       |    54 |   357 |   305 ||   716
Dodge: Dodged            |    33 |    17 |   101 |   217 |   276 ||   644
Block: Shield            |    50 |    24 |   162 |   258 |     1 ||   495
